 Dungeon Sprint DCSS version 0.27-a0-1116-g91b3acb402 (webtiles) character file.

Game seed: 7463413150890024761

423 mhtbhm the Arsonist (level 6, -1/32 HPs)
             Began as a Deep Elf Fire Elementalist on May 1, 2021.
             Was a Follower of Vehumet.
             Killed from afar by a purple draconian (33 damage)
             ... with a bolt of dispelling energy
             ... in the Dungeon (Sprint V: "Ziggurat Sprint").
             The game lasted 00:01:12 (246 turns).

mhtbhm the Arsonist (Deep Elf Fire Elementalist)     Turns: 246, Time: 00:01:13

Health: -1/32      AC:  5    Str:  5    XL:     6   Next: 63%
Magic:  15/20      EV: 15    Int: 34    God:    Vehumet [*.....]
Gold:   0          SH:  0    Dex: 15    Spells: 7/23 levels left

rFire    + . .     SeeInvis .   C - +8 lance "Wyrmbane" {slay drac, rPois rF+ rC+ AC+3}
rCold    + . .     Faith    .   (no shield)
rNeg     . . .     Spirit   .   a - +0 robe
rPois    +         Reflect  .   (no helmet)
rElec    .         Harm     .   (no cloak)
rCorr    .         Rampage  .   (no gloves)
Will     .....     NoTele   +   (no boots)
Stlth    +++.......             (no amulet)
HPRegen  0.10/turn              u - +6 ring of intelligence
MPRegen  0.17/turn              v - +6 ring of intelligence

@: no status effects
A: no striking features
a: Renounce Religion


You were in the Dungeon.
You worshipped Vehumet.
Vehumet was aware of your devotion.
You visited 1 branch

Inventory:

Hand Weapons
 C - the +8 lance "Wyrmbane" (weapon) {slay drac, rPois rF+ rC+ AC+3}
   (You found it in the Dungeon)

   It affects your AC (+3).
   It protects you from fire.
   It protects you from cold.
   It protects you from poison.
Armour
 a - a +0 robe (worn)
Jewellery
 u - a +6 ring of intelligence (left hand)
 v - a +6 ring of intelligence (right hand)
Wands
 y - a wand of mindburst (7)
 z - a wand of iceblast (4)
 A - a wand of acid (7)
Scrolls
 h - 4 scrolls of blinking
 m - 4 scrolls of amnesia
 n - 7 scrolls of fog
 o - a scroll of holy word
 p - 5 scrolls of identify
 q - 2 scrolls of fear
Potions
 b - 2 potions of brilliance
 c - 10 potions of curing
 d - 10 potions of heal wounds
 e - 6 potions of haste
 f - 7 potions of magic
 g - 3 potions of berserk rage
 i - 2 potions of invisibility
 j - 4 potions of resistance
 k - a potion of experience
 l - 5 potions of might
Miscellaneous
 r - a phantom mirror
 s - a box of beasts
 B - a lightning rod (4/4)


   Skills:
 + Level 6.7 Dodging
 - Level 6.0 Stealth
 + Level 9.1 Spellcasting
 + Level 2.1 Conjurations
 + Level 11.5 Fire Magic
 + Level 2.7 Evocations


You had 7 spell levels left.
You knew the following spells:

 Your Spells              Type           Power      Damage    Failure   Level
a - Foxfire               Conj/Fire      100%       2x1d9     1%          1
b - Conjure Flame         Conj/Fire      58%        6-21      1%          3
c - Inner Flame           Hex/Fire       53%        N/A       1%          3
d - Sticky Flame          Conj/Fire      58%        2d7       1%          4
e - Fireball              Conj/Fire      29%        3d13      4%          5

Your spell library contained the following spells:

 Spells                   Type           Power      Damage    Failure   Level
 Freeze                   Ice            60%        1d8       3%          1
 Sting                    Tmut/Pois      60%        1d6       3%          1
 Summon Small Mammal      Summ           60%        N/A       3%          1
 Call Imp                 Summ           15%        N/A       4%          2
 Poisonous Vapours        Pois/Air       30%        N/A       4%          2
 Animate Armour           Summ/Erth      30%        N/A       28%         4
 Summon Ice Beast         Ice/Summ       15%        N/A       28%         4
 Shadow Creatures         Summ           N/A        N/A       99%         6


Dungeon Overview and Level Annotations

Branches:
Dungeon (1/1)

Altars:
Ashenzari
Cheibriados
Dithmenos
Elyvilon
Fedhas
Gozag
Hepliaklqana
Kikubaaqudgha
Makhleb
Nemelex Xobeh
Okawaru
Qazlal
Ru
Sif Muna
Trog
Uskayaw
Vehumet
Wu Jian
Xom
Yredelemnul
Zin
The Shining One
Beogh
Jiyva
Lugonu

Annotations:
D 1 transporter


Message History

Magic restored.
There is a transporter here.
You start waiting.
Done waiting.
Level annotation: 1 transporter Welcome back, mhtbhm the Deep Elf Fire Elementalist.
Vehumet says: Let it end in hellfire!
Press ? for a list of commands and other information.
Okay, then.
Welcome to arena 3.
You enter the transporter and appear at another place.
Wyrmbane glows as a worthy foe approaches. 3 draconians and a purple draconian come into view.
Found four items.
Found a transporter.
Unknown command.
Unknown command.
Cast which spell? (? or * to list)
Okay, then.
Cast which spell? (? or * to list)
The spell is quite dangerous to cast (4% risk of failure)!
Continue anyway?
Aiming: Fireball (quite dangerous; 4% risk of failure)
Press: ? - help, Shift-Dir - straight line, f - purple draconian
Aim: a purple draconian, wielding a +0 broad axe (asleep)
The fireball explodes!
The fireball engulfs the purple draconian!!
The purple draconian is moderately wounded.
The purple draconian roars!
The fireball engulfs the draconian!!
The draconian is heavily wounded.
The draconian roars!
The fireball engulfs the draconian!
The draconian is lightly wounded.
The draconian roars!
The fireball engulfs the draconian!
The draconian is moderately wounded.
The draconian roars!
The purple draconian breathes dispelling energy at you.
The bolt of dispelling energy hits you!!
Ouch! That really hurt!
You die...

▓▓▓▓▓▓▓▓▓▓▓▓▓▓▓▓▓▓▓
▓.8©8.▓.8©8.▓.8©8.▓
▓.ddd.▓.)...▓.....▓
▓..d..▓.....▓.)...▓
▓.....▓...†.▓.....▓
▓.....▓..†..▓.....▓
▓.....▓.....▓..©..▓
▓..@..▓..©..▓▓▓▓▓▓▓
▓▓▓▓▓▓▓▓▓▓▓▓▓


You could see a purple draconian (catching breath) and 3 draconians.

Vanquished Creatures
  A rime drake (D)
  2 swamp drakes (D)
  An adder (D)
  A ball python (D)
5 creatures vanquished.

Notes
Turn   | Place    | Note
-------+----------+-------------------------------------------
     0 | D        | mhtbhm the Deep Elf Fire Elementalist began the quest for
                  | the Orb.
     0 | D        | Reached XP level 1. HP: 10/10 MP: 6/6
     0 | D        | Found a shimmering blue altar of Sif Muna.
     0 | D        | Found a bloodstained altar of Trog.
     0 | D        | Found a sacrificial altar of Ru.
     0 | D        | Found a stormy altar of Qazlal.
     0 | D        | Found an iron altar of Okawaru.
     1 | D        | Found a sparkling altar of Nemelex Xobeh.
     1 | D        | Found a blossoming altar of Fedhas.
     2 | D        | Found the +6 Majin-Bo {vamp, MP+6 Int+6}
     2 | D        | Found the +9 heavy crossbow "Sniper" {vorpal, Acc+∞ SInv}
     2 | D        | Found the +10 dark maul {vorpal}
     2 | D        | Found the +15 Maxwell's patent armour {-Cast -Tele rElec
                  | Will+ rCorr}
     2 | D        | Found the +18 shield of the Gong {rElec rN+ Will+ EV-5}
     2 | D        | Found the +14 obsidian axe {vorpal, Drain Fly SInv}
     2 | D        | Found the +7 great mace "Firestarter" {inner flame, rF++}
     2 | D        | Found the +6 shillelagh "Devastator" {shatter}
     2 | D        | Found the +11 plutonium sword {Contam Stlth-}
     2 | D        | Found the +8 lance "Wyrmbane" {slay drac, rPois rF+ rC+
                  | AC+3}
     2 | D        | Found the +9 sword of Zonguldrok {reap}
     2 | D        | Found the +13 scythe of Curses {drain, Drain}
     2 | D        | Found the +5 sword of Power {vorpal}
     2 | D        | Found the +7 mace of Variability {chain chaos}
     2 | D        | Found the +7 Singing Sword {vorpal, sonic wave}
     2 | D        | Found the +8 storm bow {elec, penet}
     3 | D        | Found a transporter.
     3 | D        | Found an ancient bone altar of Kikubaaqudgha.
     3 | D        | Found a viscous altar of Jiyva.
     3 | D        | Found a corrupted altar of Lugonu.
     3 | D        | Found a hazy altar of Hepliaklqana.
     3 | D        | Found a burning altar of Makhleb.
     3 | D        | Found an opulent altar of Gozag.
    37 | D        | Became a worshipper of Vehumet
    57 | D        | Entered arena 2.
    57 | D        | Found a transporter.
    59 | D        | Reached skill level 4 in Fire Magic
    59 | D        | Reached XP level 2. HP: 15/15 MP: 6/8
    81 | D        | Entered arena 3.
    81 | D        | Noticed a swamp drake
    81 | D        | Noticed a rime drake
    81 | D        | Noticed a swamp drake
    81 | D        | Found a transporter.
    84 | D        | Killed a swamp drake
    84 | D        | Reached * piety under Vehumet
    84 | D        | Offered knowledge of Freeze by Vehumet.
    84 | D        | Killed a swamp drake
    85 | D        | Reached skill level 5 in Dodging
    85 | D        | Reached skill level 5 in Stealth
    85 | D        | Reached skill level 9 in Fire Magic
    85 | D        | Reached skill level 1 in Evocations
    85 | D        | Reached XP level 3. HP: 18/19 MP: 8/13
    85 | D        | Reached XP level 4. HP: 23/24 MP: 9/15
    85 | D        | Reached XP level 5. HP: 26/28 MP: 9/16
    85 | D        | Killed a rime drake
    86 | D        | Reached skill level 11 in Fire Magic
    86 | D        | Reached XP level 6. HP: 29/32 MP: 10/20
   111 | D        | Got the Compendium of Creative Toxins
   119 | D        | Learned a level 3 spell: Conjure Flame
   123 | D        | Learned a level 3 spell: Inner Flame
   128 | D        | Learned a level 4 spell: Sticky Flame
   134 | D        | Learned a level 5 spell: Fireball
   245 | D        | Upgraded the game from 0.27-a0-1105-g946c659c87 to
                  | 0.27-a0-1116-g91b3acb402
   245 | D        | Entered arena 4.
   245 | D        | Noticed a draconian
   245 | D        | Noticed a draconian
   245 | D        | Noticed a draconian
   245 | D        | Noticed a purple draconian
   245 | D        | Found a transporter.
   246 | D        | Killed from afar by a purple draconian

Illustrated notes

Levels and vault maps discovered:
D:        sprint_v [room_start, room_1, room_2, room_3, room_4, room_5, room_6,
          room_7, room_8, room_9, room_10, room_11, room_12, room_13, room_14,
          room_15, room_16, room_17, room_18, room_19, room_20, room_21,
          room_22, room_23, room_24, room_25, room_26, room_27]

Skill      XL: |  1  2  3  4  5 |
---------------+----------------+-----
Dodging        | 3 5 6 |  6.7
Fire Magic     | 4 9 11 | 11.5
Stealth        | 5 6 |  6.0
Spellcasting   | 7 9 |  9.1
Evocations     | 1 2 |  2.7
Conjurations   | 2 |  2.1

Action                   |  1- 3 |  4- 6 || total
-------------------------+-------+-------++-------
 Cast: Fireball          |       |     1 ||     1
Evoke: Lightning rod     |     1 |     1 ||     2
       Wand              |     3 |       ||     3

Table legend: (Time is in decaauts)
 A = Elapsed time spent in this place.
 B = Non-inter-level travel time spent in this place.
 C = Inter-level travel time spent in this place.
 D = Time resting spent in this place.
 E = Time spent auto-exploring this place.
 F = Levels seen in this place.
 G = Mean time per level.
                   A        B        C        D        E       F      G
               +--------+--------+--------+--------+--------+-----+--------+
         Total |    244 |    244 |      0 |    143 |      0 |   1 |  244.0 |
       Dungeon |    244 |    244 |      0 |    143 |      0 |   1 |  244.0 |
               +--------+--------+--------+--------+--------+-----+--------+

Top non-repeatable levels by time:
       D: 244 daAuts
